 Dungeon Crawl Stone Soup version 0.29-a0-1008-g949cc1d0fb (webtiles) character file.

Game seed: 18342118508910200065

8 Sabo the Chopper (level 2, 0/28 HPs)
             Began as a Naga Berserker on Aug 8, 2022.
             Was a Follower of Trog.
             Slain by a rat (1 damage)
             ... on level 1 of the Dungeon.
             The game lasted 00:00:19 (53 turns).

Sabo the Chopper (Naga Berserker)                     Turns: 53, Time: 00:00:19

Health: 0/28       AC:  1    Str: 19    XL:     2   Next: 8%
Magic:  2/2        EV:  9    Int:  7    God:    Trog [*.....]
Gold:   0          SH:  0    Dex: 10    Spells: 1/1 levels left

rFire   . . .      SeeInvis +   a - +0 hand axe
rCold   . . .      Faith    .   (no shield)
rNeg    . . .      Spirit   .   b - +0 animal skin
rPois   +          Reflect  .   (no helmet)
rElec   .          Harm     .   (no cloak)
rCorr   .          Rampage  .   (no gloves)
Will    .....                   (no barding)
Stlth   +.........              (no amulet)
HPRegen 0.09/turn               (no ring)
MPRegen 0.08/turn               (no ring)

@: very slow
A: AC +0, large, see invisible, deformed body, poison resistance, slowness 2,
spit poison 1, naga tail 1
a: Spit Poison, Renounce Religion, Berserk


You were on level 1 of the Dungeon.
You worshipped Trog.
Trog was aware of your devotion.
You visited 1 branch of the dungeon, and saw 1 of its levels.

Inventory:

Hand Weapons
 a - a +0 hand axe (weapon)
Armour
 b - a +0 animal skin (worn)
Potions
 c - a potion of haste {unknown}


   Skills:
 + Level 3.2 Fighting
 + Level 3.2 Axes
 + Level 1.6 Armour
 + Level 1.6 Dodging


You had one spell level left.
You didn't know any spells.
Your spell library was empty.

Dungeon Overview and Level Annotations

Branches:
Dungeon (1/15)

Altars:


Innate Abilities, Weirdness & Mutations

Your serpentine skin is tough. (AC +0)
You have supernaturally acute eyesight. (SInv)
Armour fits poorly on your strangely shaped body.
Your system is resistant to poisons. (rPois)
You cover ground very slowly.
You can spit poison.
You have a snake-like lower body.


Message History

The slug dart hits you.
You hit the dart slug.
You kill the dart slug!
Trog accepts your kill. The jackal bites you.
You closely miss the jackal. The jackal closely misses you.
The jackal bites you.
You hit the jackal.
The jackal is lightly wounded.
The jackal barely misses you.
You closely miss the jackal.
The jackal is lightly wounded.
The jackal bites you. x2
You hit the jackal.
You kill the jackal!
Trog accepts your kill.
You have reached level 2!
You closely miss the kobold. The kobold hits you but does no damage.
You hit the kobold but do no damage. The kobold closely misses you.
You miss the kobold. The kobold closely misses you.
The kobold barely misses you.
You hit the kobold.
You kill the kobold!
Trog accepts your kill.
You closely miss the rat. The rat bites you.
You barely miss the rat. The rat completely misses you.
You barely miss the rat. The rat bites you.
* * * LOW HITPOINT WARNING * * *
You closely miss the rat. The rat barely misses you.
You closely miss the rat. The rat bites you.
* * * LOW HITPOINT WARNING * * *
You hit the rat but do no damage. The rat barely misses you.
You hit the rat but do no damage. The rat bites you.
* * * LOW HITPOINT WARNING * * *
The rat bites you.
* * * LOW HITPOINT WARNING * * *
You hit the rat.
The rat is heavily wounded.
The rat bites you.
You die...

.###. ... ...
... #.# #.# ..
#r# ..# #@# ....
#.# ....#+ #.#
......########.#
§..............#
§≈§.......######
§≈≈...#<..#
§≈≈§..##..#
§≈§§≈.....#


You could see a rat.

Vanquished Creatures
  A dart slug (D:1)
  3 jackals (D:1)
  A kobold (D:1)
5 creatures vanquished.

Notes
Turn   | Place    | Note
-------+----------+-------------------------------------------
     0 | D:1      | Sabo the Naga Berserker began the quest for the Orb.
     0 | D:1      | Reached XP level 1. HP: 21/21 MP: 1/1
    42 | D:1      | Reached XP level 2. HP: 13/28 MP: 2/2
    52 | D:1      | HP: 1/28 [rat (1)]
    53 | D:1      | Slain by a rat

Illustrated notes

Levels and vault maps discovered:
D:1:      dpeg_arrival_lava_altar, layout_basic,
          dreamdust_ecumenical_altar_statues

Action                   || total
-------------------------++-------
Melee: Hand axe          ||    26
Armor: Animal skin       ||     4
Dodge: Dodged            ||    11

Table legend: (Time is in decaauts)
 A = Elapsed time spent in this place.
 B = Non-inter-level travel time spent in this place.
 C = Inter-level travel time spent in this place.
 D = Time resting spent in this place.
 E = Time spent auto-exploring this place.
 F = Levels seen in this place.
 G = Mean time per level.
                   A        B        C        D        E       F      G
               +--------+--------+--------+--------+--------+-----+--------+
         Total |     67 |     67 |      0 |      0 |      0 |   1 |   67.0 |
       Dungeon |     67 |     67 |      0 |      0 |      0 |   1 |   67.0 |
               +--------+--------+--------+--------+--------+-----+--------+

Top non-repeatable levels by time:
     D:1: 67 daAuts
